 Dungeon Crawl Stone Soup version 0.26-a0-477-g38aef04 (webtiles) character file.

Game seed: 14563748577357825412

610917 Shayle the Cryomancer (level 26, -12/225 HPs)
             Began as a Yellow Draconian Ice Elementalist on July 30, 2020.
             Was the Champion of Vehumet.
             Mangled by a daeva
             ... wielding a +4 eudemon blade of holy wrath
              (13 damage)
             ... on level 3 of the Abyss on Aug 1, 2020.
             The game lasted 09:48:53 (114575 turns).

Shayle the Cryomancer (DrIE)                      Turns: 114575, Time: 09:48:54

Health: -12/225    AC: 28    Str: 12    XL:     26   Next: 23%
Magic:  37/52      EV: 22    Int: 31    God:    Vehumet [******]
Gold:   3882       SH: 13    Dex: 15    Spells: 19/68 levels left

rFire    + + .     SeeInvis +   i - +8 flail of Prudence {vorpal, MP+9}
rCold    + + +     Faith    .   y - +3 buckler {AC+3}
rNeg     + . .     Spirit   .   (armour unavailable)
rPois    +         Reflect  +   b - +3 hat "Sint" {rC+ Str+3 SInv}
rElec    +         Harm     .   O - +2 cloak {Stlth+}
rCorr    +         Rnd*Rage +   X - +2 pair of gloves
MR       +....     Rnd*Tele +   C - +2 pair of boots {run}
Stlth    +.........             G - amulet of Temptation {Reflect rC+ SH+5}
HPRegen  0.47/turn              t - ring of the Octopus King {rN+ AC+1 EV+1 Str+1 Int+1 Dex+1}
MPRegen  0.33/turn              T - +6 ring of intelligence

@: resistant, flying, glowing, quick
A: spit acid, unfitting armour, big wings, [berserk 2], [blurry vision 1],
deterioration 1, dopey 1, fire resistance 1, low mp 1, poison resistance, robust
1, [screaming 1], [teleportitis 1], weak 1, acidic bite, no potion heal 1,
cold-blooded, acid resistance, AC +12
}: 4/15 runes: decaying, slimy, silver, gossamer
a: Breathe Acid, Stop Flying, Renounce Religion


You were on level 3 of the Abyss.
You worshipped Vehumet.
Vehumet was exalted by your worship.
You visited 10 branches of the dungeon, and saw 50 of its levels.
You visited the Abyss 2 times.
You also visited: Ossuary and Gauntlet.

You collected 8876 gold pieces.
You spent 4994 gold pieces at shops.

Inventory:

Hand Weapons
 i - the +8 flail of Prudence (weapon) {vorpal, MP+9}
   (You found it on level 13 of the Dungeon)

   It inflicts extra damage upon your enemies.
   It affects your magic capacity (+9).
 q - the +12 Vampire's Tooth {vamp}
   (You took it off a deep elf mage on level 3 of the Elven Halls)

   It inflicts no extra harm, but heals its wielder when it wounds a living foe.
 N - the +6 trident "Qietaca" {freeze, MR+ Dex+4}
   (You took it off an ogre mage on level 5 of the Vaults)

   It has been specially enchanted to freeze those struck by it, causing extra
   injury to most foes and up to half again as much damage against particularly
   susceptible opponents.
   It can also slow down cold-blooded creatures.
   It affects your dexterity (+4).
   It affects your resistance to hostile enchantments.
 Q - the +9 spear "Esenahies" {vorpal, rN+ MR+ Dex+2}
   (You found it on level 4 of the Depths)

   It inflicts extra damage upon your enemies.
   It affects your dexterity (+2).
   It protects you from negative energy.
   It affects your resistance to hostile enchantments.
Armour
 b - the +3 hat "Sint" (worn) {rC+ Str+3 SInv}
   (You acquired it on level 5 of the Pits of Slime)

   It affects your strength (+3).
   It protects you from cold.
   It lets you see invisible.
 y - a +3 buckler of protection (worn)
 C - a +2 pair of boots of running (worn)
 O - a +2 cloak of stealth (worn)
 X - a +2 pair of gloves (worn)
Magical Staves
 B - an uncursed staff of energy
Jewellery
 k - the ring of Polytheism {*Tele Int+2 Slay+5}
   (You took it off a fire giant on level 2 of the Depths)

   [ring of teleportation]

   It may teleport you next to monsters.
   It affects your intelligence (+2).
   It affects your accuracy and damage with ranged weapons and melee attacks
   (+5).
 m - the ring of Liberty {rElec rPois Str+3}
   (You found it on level 5 of the Pits of Slime)

   [ring of poison resistance]

   It affects your strength (+3).
   It insulates you from electricity.
   It protects you from poison.
 s - an uncursed ring of wizardry {unknown}
 t - a ring of the Octopus King (left hand) {rN+ AC+1 EV+1 Str+1 Int+1 Dex+1}
   (You took it off a skeletal warrior on level 2 of the Depths)

   [ring of positive energy]

   It affects your AC (+1).
   It affects your evasion (+1).
   It affects your strength (+1).
   It affects your intelligence (+1).
   It affects your dexterity (+1).
   It protects you from negative energy.
 u - a +6 ring of intelligence
 G - the amulet of Temptation (around neck) {Reflect rC+ SH+5}
   (You took it off a deep elf mage on level 1 of the Elven Halls)

   [amulet of reflection]

   It shields you and reflects attacks.
   It protects you from cold.
   It affects your SH (+5).
 T - a +6 ring of intelligence (right hand)
Wands
 d - a wand of iceblast (22)
 e - a wand of random effects (13)
 n - a wand of enslavement (21)
 L - a wand of disintegration (1)
 P - a wand of flame (89)
 W - a wand of clouds (6)
 Y - a wand of paralysis (29)
Scrolls
 c - 2 scrolls of torment
 f - 5 scrolls of identify
 h - 5 scrolls of silence
 l - 3 scrolls of amnesia
 r - 10 scrolls of magic mapping
 v - 2 scrolls of enchant weapon
 w - 8 scrolls of fog
 F - 11 scrolls of remove curse
 I - 13 scrolls of fear
 K - 2 scrolls of enchant armour
 U - 2 scrolls of holy word
Potions
 a - 12 potions of brilliance
 g - 3 potions of haste
 j - 4 potions of might
 o - 2 potions of stabbing
 p - 4 potions of resistance
 x - a potion of magic
 z - a potion of ambrosia
 A - 2 potions of berserk rage
 D - 7 potions of curing
 E - 7 potions of lignification
 H - 3 potions of invisibility
 J - 8 potions of cancellation
Miscellaneous
 M - a tin of tremorstones (2/3)


   Skills:
 - Level 10.8 Fighting
 - Level 14.0 Polearms
 - Level 13.0 Dodging
 - Level 1.7 Stealth
 - Level 4.0 Shields
 + Level 21.8 Spellcasting
 - Level 10.0 Conjurations
 + Level 17.1 Fire Magic
 + Level 21.9 Ice Magic
 - Level 7.0 Air Magic
 - Level 7.0 Earth Magic
 + Level 16.4 Evocations


You had 19 spell levels left.
You knew the following spells:

 Your Spells              Type           Power        Failure   Level
a - Freeze                Ice            ####         0%          1
b - Frozen Ramparts       Ice            ######       0%          3
c - Dazzling Flash        Conj/Hex       ######       1%          3
d - Freezing Cloud        Conj/Ice/Air   #######...   1%          6
e - Hailstorm             Conj/Ice       #######.     0%          4
f - Airstrike             Air            ######....   1%          4
g - Fireball              Conj/Fire      #######...   1%          5
h - Iron Shot             Conj/Erth      ######....   1%          6
i - Ignition              Fire           #######...   1%          8
j - Absolute Zero         Ice            ########..   3%          9

Your spell library contained the following spells:

 Spells                   Type           Power        Failure   Level
 Lehudib's Crystal Spear  Conj/Erth      ######....   43%         8
 Fire Storm               Conj/Fire      #######...   65%         9
 Magic Dart               Conj           ####         0%          1
 Ensorcelled Hibernation  Hex/Ice        ######       0%          2
 Searing Ray              Conj           ######       0%          2
 Conjure Flame            Conj/Fire      #######.     0%          3
 Ozocubu's Armour         Ice            ########     0%          3
 Animate Skeleton         Necr           ####..       1%          1
 Apportation              Tloc           ####..       1%          1
 Beastly Appendage        Tmut           ####..       1%          1
 Corona                   Hex            ####...      1%          1
 Pain                     Necr           ####         1%          1
 Sandblast                Erth           ######       1%          1
 Shock                    Conj/Air       ####         1%          1
 Sting                    Tmut/Pois      ####         1%          1
 Summon Small Mammal      Summ           ####         1%          1
 Blink                    Tloc           N/A          1%          2
 Call Imp                 Summ           ####....     1%          2
 Corpse Rot               Necr/Air       N/A          1%          2
 Passwall                 Tmut/Erth      ######..     1%          2
 Poisonous Vapours        Pois/Air       ######       1%          2
 Slow                     Hex            ####....     1%          2
 Sublimation of Blood     Necr           ####......   1%          2
 Swiftness                Air            ######..     1%          2
 Wereblood                Tmut           ####....     1%          2
 Inner Flame              Hex/Fire       ######..     1%          3
 Mephitic Cloud           Conj/Pois/Air  ######..     1%          3
 Static Discharge         Conj/Air       ######..     1%          3
 Stone Arrow              Conj/Erth      ######       1%          3
 Fulminant Prism          Conj/Hex       ######....   1%          4
 Iskenderun's Mystic Bla  Conj/Tloc      ######..     1%          4
 Summon Ice Beast         Ice/Summ       #######.     1%          4
 Bolt of Magma            Conj/Fire/Erth #######...   1%          5
 Irradiate                Conj/Tmut      ######....   1%          5
 Iskenderun's Battlesphe  Conj           #######.     1%          5
 Lee's Rapid Deconstruct  Erth           ######....   1%          5
 Lightning Bolt           Conj/Air       ######....   1%          5
 Leda's Liquefaction      Hex/Erth       ######....   2%          4
 Petrify                  Tmut/Erth      ######..     2%          4
 Summon Lightning Spire   Summ/Air       ######..     2%          4
 Call Canine Familiar     Summ           ####....     3%          3
 Confusing Touch          Hex            ####....     3%          3
 Gell's Gravitas          Tloc           ####......   3%          3
 Lesser Beckoning         Tloc           ####......   3%          3
 Portal Projectile        Hex/Tloc       ####..       3%          3
 Summon Guardian Golem    Hex/Summ       ####....     3%          3
 Tukima's Dance           Hex            ####....     3%          3
 Vampiric Draining        Necr           ####......   3%          3
 Orb of Destruction       Conj           #######...   3%          7
 Borgnjor's Vile Clutch   Necr/Erth      ######....   6%          5
 Silence                  Hex/Air        ######....   6%          5
 Yara's Violent Unravell  Hex/Tmut       ####......   7%          5
 Animate Dead             Necr           ####......   10%         4
 Cause Fear               Hex            ####......   10%         4
 Dispel Undead            Necr           ####....     10%         4
 Passage of Golubria      Tloc           N/A          10%         4
 Agony                    Necr           ####....     26%         5
 Alistair's Intoxication  Tmut/Pois      ####.....    26%         5
 Excruciating Wounds      Necr           ####......   26%         5
 Summon Demon             Summ           ####......   26%         5
 Summon Forest            Summ/Tloc      ####......   26%         5
 Spellforged Servitor     Conj/Summ      ######....   26%         7
 Statue Form              Tmut/Erth      ######...    34%         6
 Dispersal                Tloc           ####......   83%         6
 Hydra Form               Tmut           ####......   83%         6
 Invisibility             Hex            ####....     83%         6
 Dragon Form              Tmut           ####......   100%        7
 Malign Gateway           Summ/Tloc      ####......   100%        7
 Monstrous Menagerie      Summ           ####......   100%        7
 Summon Greater Demon     Summ           ####......   100%        7
 Controlled Blink         Tloc           N/A          100%        8
 Discord                  Hex            ####......   100%        8
 Disjunction              Tloc           ####......   100%        8
 Summon Horrible Things   Summ           ####......   100%        8
 Shatter                  Erth           ######....   100%        9


Dungeon Overview and Level Annotations

Branches:
Dungeon (15/15)            Temple (1/1) D:7            Lair (6/6) D:10
  Swamp (4/4) Lair:4       Spider (4/4) Lair:4        Slime (5/5) Lair:5
    Orc (2/2) D:10            Elf (3/3) Orc:2        Vaults (5/5) D:13
  Crypt (0/3) Vaults:3     Depths (5/5) D:15            Zot (0/5) Depths:5
Ossuary (visited)         Gauntlet (visited)

Altars:
Ashenzari
Cheibriados
Dithmenos
Elyvilon
Fedhas
Gozag
Hepliaklqana
Kikubaaqudgha
Makhleb
Nemelex Xobeh
Okawaru
Qazlal
Ru
Sif Muna
Trog
Uskayaw
Vehumet
Wu Jian
Xom
Yredelemnul
Zin
The Shining One
Jiyva

Shops:
D:5 *   D:7 ?!   D:8 *   D:14 =   D:15 :   Orc:2 }(*   Elf:1 *   Elf:2 ?
Elf:3 *   Vaults:3 (   Depths:2 }!   Depths:4 ?

Portals:
Hell: Depths:1 Depths:2 Depths:3 Depths:4 Depths:5
Abyss: Depths:1 Depths:2 Depths:4
Pandemonium: Depths:3
Ziggurat: Depths:3

Annotations:
Depths:2 2 transporters


Innate Abilities, Weirdness & Mutations

You can spit globs of acid.
Your golden yellow scales are hard. (AC +12)
You cannot fit into any form of body armour.
You have acidic saliva.
You are cold-blooded and may be slowed by cold attacks.
You are resistant to acid. (rCorr)
Your large and strong wings let you fly indefinitely.
Your body sometimes deteriorates upon taking damage.
You are dopey. (Int -2)
Your flesh is heat resistant. (rF+)
Your magical capacity is low. (-10% MP)
Your system is resistant to poisons. (rPois)
You are robust. (+10% HP)
You are weak. (Str -2)
Potions are less effective at restoring your health.
[You often lose your temper in combat.]
[Scrolls take you a little longer to read.]
[You occasionally shout uncontrollably at your foes.]
[You are occasionally teleported next to monsters.]


Message History

The tentacled starspawn is engulfed in blazing flames.
You destroy the tentacled starspawn!
Vehumet accepts your kill.
You feel your power returning.
You feel the corruption within you wane somewhat.
Your vision sharpens a little.
You feel robust.
The daeva is engulfed in blazing flames.
The daeva calls down the wrath of the Shining One upon you.
The Shining One smites you!
* * * LOW HITPOINT WARNING * * *
Unknown command.
Your system partially rejects the healing.
You feel better.
The substance of the Abyss twists violently, and a gateway leading out appears!
The daeva hits you with a +4 eudemon blade of holy wrath!
* * * LOW HITPOINT WARNING * * *
The daeva completely misses you.
The daeva is engulfed in blazing flames.
The daeva hits you with a +4 eudemon blade of holy wrath!
You die...

.## #.. ..##
#### ..# #≈
...#...###
#≈≈≈≈#.....
#3≈≈≈...#
Λ≈..≈..A...
####X≈w##....#..
###§§#w# # .#. #
#
#@A§#..X#......
#§###§§§## # #
#.# #.# #.#.#
..# #. #....# #
. . ..#.# #. .
##. . ... ## ##
.# #


You could see a daeva.

Vanquished Creatures
  the Royal Jelly (Slime:5)
  2 ancient liches
  Mara (Vaults:2)
  A juggernaut (Depths:2)
  Boris (Vaults:4)
  Frederick (Vaults:5)
  Jory (Vaults:5)
  the Enchantress (Depths:1)
  4 bone dragons
  Rupert (Lair:4)
  6 liches
  7 tentacled monstrosities
  Jorgrun (Elf:2)
  3 deep elf blademasters
  5 titans
  Asterion (Vaults:1)
  A quicksilver dragon (Vaults:5)
  5 deep elf master archers
  22 acid blobs
  8 tentacled starspawn
  An ancient champion (Depths:1)
  5 sphinxes
  7 tengu reavers
  Roxanne (Elf:1)
  2 storm dragons
  The ghost of YayAnonymity the Warrior, an adept GrFi of the Shining One (Swamp:4)
  11 azure jellies
  A shadow dragon (Vaults:4)
  The ghost of dcgrp the Fighter, an adept DsIE of Cheibriados (Elf:1)
  An orc warlord (Vaults:4)
  13 deep elf sorcerers
  A draconian knight (Depths:5)
  A balrug (Depths:1)
  The ghost of timneilson the Eclecticist, an adept DECj of Vehumet (Swamp:2)
  6 frost giants
  10 fire giants
  2 iron dragons (Vaults:5)
  5 vault wardens
  5 ghost moths
  Aizul (Vaults:1)
  A draconian scorcher (Depths:1)
  8 emperor scorpions
  A war gargoyle (Vaults:4)
  Louise (Depths:1)
  An angel (Abyss:2)
  A draconian stormcaller (Depths:5)
  6 deep elf elementalists
  3 spriggan defenders (Depths:1)
  12 ironheart preservers
  18 very ugly things
  21 stone giants
  3 entropy weavers
  Azrael (Spider:2)
  2 vampire knights
  2 black draconians (Depths:5)
  4 deep elf demonologists
  12 deep elf annihilators
  2 green draconians
  8 spark wasps
  A yellow draconian (Depths:5)
  2 minotaurs
  3 purple draconians
  3 deep elf death magi
  Josephine (Lair:6)
  A blizzard demon (Depths:3)
  An eidolon (Abyss:2)
  A merfolk impaler (Depths:1)
  10 ettins
  7 fire dragons
  6 death oozes
  14 great orbs of eyes
  Fannar (D:11)
  15 yaktaur captains
  Erolcha (D:13)
  11 deep elf high priests
  12 ice dragons
  30 vault guards
  5 shambling mangroves
  Harold (D:9)
  8 rakshasas
  2 spriggan air magi
  29 hydras
  The ghost of Eker the Thaumaturge, a journeyman GnVM of Vehumet (Lair:1)
  11 ghost crabs
  A catoblepas (Lair:5)
  41 two-headed ogres
  12 alligators
  An anaconda (shapeshifter) (D:13)
  2 death knights
  7 centaur warriors
  18 deep troll shamans
  26 dancing weapons
  8 death yaks
  A hell hog (Abyss:2)
  5 tengu warriors
  15 ogre magi
  15 deep troll earth magi
  4 orc high priests
  6 spriggan berserkers
  12 thrashing horrors
  A shock serpent (shapeshifter) (Depths:4)
  27 deep elf knights
  2 sun demons (Depths:1)
  16 large abominations
  10 hell knights
  A soul eater (Abyss:2)
  10 skeletal warriors
  Nergalle (Orc:1)
  A fire crab (shapeshifter) (Depths:2)
  2 fire crabs
  9 wretched stars
  2 sixfirhies (Abyss:3)
  3 spatial maelstroms
  A storm dragon skeleton (Vaults:5)
  5 iron trolls
  An anaconda zombie (Abyss:2)
  2 shadow wraiths
  6 unseen horrors
  32 deep trolls
  An unseen horror (shapeshifter) (Vaults:3)
  3 flayed ghosts
  A swamp dragon (shapeshifter) (Vaults:5)
  3 spriggan druids
  9 wizards
  17 starcursed masses
  7 phantasmal warriors
  3 glowing orange brains
  Pikel (D:5)
  19 deep elf archers
  8 swamp dragons
  An obsidian statue (Elf:1)
  16 orc knights
  17 orb spiders
  30 wolf spiders
  A frost giant zombie (Vaults:5)
  A tengu skeleton (Vaults:3)
  10 necromancers
  12 harpies
  31 ugly things
  A wolf spider zombie (D:13)
  A fire giant zombie (Vaults:3)
  13 ironbrand convokers
  7 orc sorcerers
  6 worldbinders
  A cyclops (shapeshifter) (Depths:2)
  82 deep elf magi
  A shining eye (shapeshifter) (Vaults:5)
  A moth of wrath (shapeshifter) (Vaults:1)
  6 cyclopes
  8 shining eyes
  A fire giant skeleton (Depths:1)
  A rust devil (Gauntlet)
  2 moths of wrath
  14 elephants
  4 black mambas
  8 vault sentinels
  3 ice statues
  8 apocalypse crabs
  A guardian serpent (shapeshifter) (D:14)
  A water nymph (shapeshifter) (Depths:2)
  Joseph (D:7)
  A centaur zombie (D:14)
  6 eyes of devastation
  The ghost of Thatotherguy the Frost Mage, a novice VSIE of Makhleb (D:5)
  A cane toad (shapeshifter) (Vaults:2)
  A gargoyle (D:13)
  3 smoke demons
  2 orange demons
  4 human zombies
  2 rime drakes (shapeshifter)
  7 komodo dragons
  7 freezing wraiths
  44 yaktaurs
  2 efreet
  A komodo dragon (shapeshifter) (Vaults:4)
  2 rime drakes
  16 cane toads
  3 ice devils (Depths:3)
  18 demonic crawlers
  A tormentor (Abyss:2)
  4 ancient zymes
  A golden dragon simulacrum (Vaults:5)
  A yaktaur skeleton (Depths:1)
  A meliai (shapeshifter) (Depths:2)
  6 tengu conjurers
  A queen bee (shapeshifter) (Vaults:1)
  2 trolls (shapeshifter)
  7 trolls
  2 wind drakes (shapeshifter)
  2 polar bears (Lair:6)
  Grinder (D:6)
  3 jumping spiders (shapeshifter)
  31 jumping spiders
  24 hornets
  7 raiju
  101 slime creatures
  8 bog bodies
  A shadow dragon simulacrum (Vaults:5)
  11 tyrant leeches
  Prince Ribbit (D:5)
  7 dream sheep (Lair:6)
  A blink frog (shapeshifter) (Depths:2)
  A human simulacrum (Vaults:5)
  A dream sheep (shapeshifter) (Depths:4)
  14 blink frogs
  12 hippogriffs
  An ice dragon zombie (Depths:1)
  An air elemental (Elf:1)
  6 flying skulls (Abyss:2)
  68 redbacks
  An ettin skeleton (Vaults:5)
  An ice dragon skeleton (Depths:1)
  6 ynoxinuls
  17 tarantellas
  A tarantella (shapeshifter) (D:13)
  Sigmund (D:2)
  13 shadows
  4 water elementals
  26 spriggans
  3 wyverns
  5 basilisks
  4 fire bats (Gauntlet)
  12 wraiths
  23 golden eyes
  18 yaks
  4 fire elementals
  A golden eye (shapeshifter) (Vaults:3)
  A neqoxec (Abyss:2)
  21 vampire mosquitoes
  5 spatial vortices
  Menkaure (D:5)
  4 chaos spawn
  2 steam dragons
  A soldier ant (shapeshifter) (Depths:2)
  6 wargs
  15 insubstantial wisps
  13 swamp worms
  A deep troll zombie (Vaults:5)
  A naga (shapeshifter) (Vaults:5)
  An acid dragon (shapeshifter) (Depths:3)
  6 hell hounds
  A soldier ant (D:12)
  16 water moccasins
  5 acid dragons
  Duvessa (D:7)
  6 floating eyes
  9 porcupines
  16 swamp drakes
  39 orc warriors
  5 ice beasts
  7 black bears
  40 ogres
  4 sky beasts
  4 eyes of draining
  A tengu (shapeshifter) (Depths:3)
  4 phantoms
  25 wolves
  9 boggarts
  27 centaurs
  A swamp dragon skeleton (Abyss:3)
  12 crocodiles
  23 small abominations
  A big kobold (shapeshifter) (Vaults:1)
  4 big kobolds
  20 bullfrogs
  2 gnoll sergeants
  A wyvern zombie (D:12)
  3 earth elementals
  Dowan (D:7)
  4 scorpions
  A wyvern skeleton (D:9)
  An orc simulacrum (Vaults:1)
  2 killer bees
  11 wights
  5 howler monkeys
  5 electric eels
  4 quasits
  3 bullfrog zombies (D:13)
  9 hounds
  5 centaur skeletons
  A gnoll shaman (D:10)
  21 orc priests
  3 bullfrog skeletons
  6 jellies
  5 iron imps
  An iguana (D:12)
  26 orc wizards
  A hell rat (D:10)
  9 worker ants
  A killer bee zombie (D:8)
  A hound skeleton (D:5)
  11 mummies (Ossuary)
  21 gnolls
  14 adders
  A river rat (D:10)
  3 shadow imps
  5 white imps
  3 ufetubi
  4 oozes
  An adder zombie (D:7)
  An adder skeleton (D:2)
  2 worms
  6 dart slugs
  3 leopard geckos
  86 orcs
  4 giant cockroaches
  6 hobgoblins
  10 jackals
  19 kobolds
  5 quokkas
  3 ball pythons
  6 bats
  6 frilled lizards
  2 gnoll skeletons (Ossuary)
  4 goblins
  3 goblin skeletons (Ossuary)
  2 kobold skeletons (Ossuary)
  An orc skeleton (Ossuary)
  2 quokka skeletons (D:5)
  A quokka zombie (D:6)
  7 rats
  11 rat skeletons (Ossuary)
  9 blocks of ice
  5 crawling corpses
  A lurking horror (Abyss:2)
  5 plants
  2 starspawn tentacles
  2 tentacles (Abyss:3)
2457 creatures vanquished.

Vanquished Creatures (collateral kills)
  A storm dragon (Depths:2)
  A vault warden (Vaults:5)
  A deep elf sorcerer (Vaults:5)
  An ironheart preserver (Vaults:5)
  A very ugly thing (Vaults:5)
  An ettin (Vaults:5)
  A deep elf high priest (Vaults:5)
  An orange demon (Abyss:2)
  A basilisk (Lair:3)
9 creatures vanquished.

Vanquished Creatures (others)
  An ironheart preserver (Vaults:5)
  Sonja (D:13)
  An ugly thing (Abyss:1)
  A water elemental (Elf:1)
  A large abomination (Abyss:2)
  3 small abominations
  A white imp (Abyss:2)
  An ufetubus (Abyss:2)
  70 blocks of ice
  10 fungi
  A lurking horror (Abyss:3)
  10 plants
  39 starspawn tentacles
  15 tentacles (Abyss:3)
  5 toadstools (D:1)
160 creatures vanquished.

Grand Total: 2626 creatures vanquished

Notes
Turn   | Place    | Note
-------+----------+-------------------------------------------
     0 | D:1      | Shayle the Draconian Ice Elementalist began the quest for
                  | the Orb.
     0 | D:1      | Reached XP level 1. HP: 14/14 MP: 3/3
   196 | D:1      | Reached XP level 2. HP: 20/20 MP: 1/5
   683 | D:1      | Reached XP level 3. HP: 22/26 MP: 6/6
   871 | D:2      | Noticed Sigmund
  1521 | D:2      | Reached XP level 4. HP: 14/33 MP: 8/8
  1527 | D:2      | Learned a level 3 spell: Frozen Ramparts
  1604 | D:2      | Reached skill level 1 in Polearms
  2235 | D:2      | Killed Sigmund
  2235 | D:2      | Reached skill level 5 in Ice Magic
  2235 | D:2      | Reached XP level 5. HP: 16/38 MP: 10/10
  2235 | D:2      | Reached XP level 6. HP: 19/45 MP: 11/11
  3037 | D:3      | Found a glowing golden altar of the Shining One.
  3369 | D:4      | Got an ebony glaive
  3382 | D:4      | Identified the +4 glaive "Cakhlaonogg" {speed, *Contam
                  | rPois rN+} (You found it on level 4 of the Dungeon)
  3780 | D:4      | Your scales start taking on a golden yellow colour.
  3780 | D:4      | Reached XP level 7. HP: 50/50 MP: 13/13
  3780 | D:4      | Gained mutation: You are resistant to acid. (rCorr) [Yellow
                  | Draconian growth]
  4313 | D:4      | Found a snail-covered altar of Cheibriados.
  4530 | D:5      | Entered Level 5 of the Dungeon
  4530 | D:5      | Found a runed translucent gate.
  4530 | D:5      | Found a runed translucent gate.
  4540 | D:5      | Noticed Menkaure
  4552 | D:5      | Killed Menkaure
  4707 | D:5      | Reached XP level 8. HP: 36/57 MP: 15/15
  4902 | D:5      | Found a radiant altar of Vehumet.
  4902 | D:5      | Found an ornate altar of the Wu Jian Council.
  4902 | D:5      | Noticed Pikel
  4903 | D:5      | Found a stormy altar of Qazlal.
  5178 | D:5      | Killed Pikel
  5178 | D:5      | Reached skill level 5 in Polearms
  5178 | D:5      | Reached skill level 5 in Dodging
  5178 | D:5      | Reached skill level 5 in Spellcasting
  5241 | D:5      | Found a sparkling altar of Nemelex Xobeh.
  5278 | D:5      | Found a glowing golden altar of the Shining One.
  5285 | D:5      | Found a shadowy altar of Dithmenos.
  5320 | D:5      | Found Munabboh's General Store.
  5327 | D:5      | Bought a scroll of identify for 22 gold pieces
  5327 | D:5      | Bought a scroll of teleportation for 33 gold pieces
  5330 | D:5      | Bought a scroll of identify for 22 gold pieces
  5330 | D:5      | Bought a scroll of fear for 38 gold pieces
  5362 | D:5      | Found a runed translucent gate.
  5363 | D:5      | Found an opulent altar of Gozag.
  5364 | D:5      | Noticed Thatotherguy's ghost (novice VSIE)
  5642 | D:5      | Noticed Prince Ribbit
  5925 | D:6      | Found a sand-covered staircase.
  5936 | Ossuary  | Entered an ossuary
  6395 | D:6      | Reached XP level 9. HP: 56/62 MP: 17/17
  6748 | D:6      | Noticed Grinder
  7021 | D:6      | Killed Grinder
  7283 | D:7      | Found a staircase to the Ecumenical Temple.
  7288 | D:7      | Noticed Duvessa
  7290 | D:7      | Noticed Dowan
  7292 | Temple   | Entered the Ecumenical Temple
  7589 | D:5      | Became a worshipper of Vehumet
  7688 | D:7      | Killed Duvessa
  7707 | D:7      | Killed Dowan
  7782 | D:7      | Noticed Joseph
  7802 | D:7      | Killed Joseph
  7860 | D:7      | Reached XP level 10. HP: 39/69 MP: 20/20
  7947 | D:7      | Found Mohugir's Magic Scroll Boutique.
  7971 | D:7      | Bought a scroll of summoning for 123 gold pieces
  7971 | D:7      | Bought a scroll of enchant armour for 97 gold pieces
  8020 | D:7      | Found Wiygidy Jade's Distillery.
  8259 | D:7      | Found a bloodstained altar of Trog.
  8346 | D:8      | Reached * piety under Vehumet
  8346 | D:8      | Offered knowledge of Foxfire by Vehumet.
  8375 | D:8      | Found Montelou's Assorted Antiques.
  8379 | D:8      | Bought a scroll labeled XIACADW VIV RUS for 36 gold pieces
  9054 | D:9      | Found a hide-covered altar of Uskayaw.
  9057 | D:9      | Found a sacrificial altar of Ru.
  9130 | D:9      | Offered knowledge of Magic Dart by Vehumet.
  9152 | D:9      | Reached ** piety under Vehumet
  9229 | D:9      | Noticed Harold
  9248 | D:9      | Killed Harold
  9381 | D:9      | Found a blossoming altar of Fedhas.
  9696 | D:10     | Entered Level 10 of the Dungeon
  9788 | D:10     | Reached XP level 11. HP: 74/74 MP: 23/23
  9818 | D:10     | Offered knowledge of Dazzling Flash by Vehumet.
  9824 | D:10     | Learned a level 3 spell: Dazzling Flash
 10155 | D:10     | Noticed a two-headed ogre
 10165 | D:10     | Killed a two-headed ogre
 10243 | D:10     | Reached *** piety under Vehumet
 10311 | D:10     | Noticed a death yak
 10312 | D:10     | Noticed a death yak
 10312 | D:10     | Noticed a death yak
 10350 | D:9      | Killed a death yak
 10478 | D:10     | Found a staircase to the Lair.
 10488 | Lair:1   | Entered Level 1 of the Lair of Beasts
 10804 | Lair:1   | Noticed a five-headed hydra
 10814 | Lair:1   | Killed a two-headed hydra
 10814 | Lair:1   | Reached skill level 10 in Ice Magic
 11537 | Lair:1   | Found a runed translucent gate.
 11541 | Lair:1   | Found a runed translucent gate.
 11542 | Lair:1   | Found a runed translucent gate.
 11550 | Lair:1   | Noticed a minotaur
 11661 | Lair:1   | Noticed Eker's ghost (journeyman GnVM)
 11670 | Lair:1   | Noticed a five-headed hydra
 11689 | Lair:1   | Killed a three-headed hydra
 12572 | Lair:2   | Offered knowledge of Sticky Flame by Vehumet.
 12590 | Lair:2   | Learned a level 6 spell: Freezing Cloud
 13074 | Lair:2   | Reached XP level 12. HP: 69/81 MP: 25/25
 13958 | Lair:3   | Reached skill level 10 in Polearms
 14161 | Lair:3   | Learned a level 4 spell: Hailstorm
 14174 | Lair:3   | Reached **** piety under Vehumet
 14327 | Lair:3   | Got a vibrating turquoise ring
 15913 | Lair:4   | Upgraded the game from 0.26-a0-466-g989023b to
                  | 0.26-a0-471-g8fb39a4
 16320 | Lair:4   | Identified the ring of Autotheism {EV+4 Dex+3} (You found
                  | it on level 3 of the Lair of Beasts)
 16400 | Lair:4   | Reached skill level 1 in Fighting
 16400 | Lair:4   | Reached skill level 1 in Evocations
 16430 | Lair:4   | Reached skill level 1 in Air Magic
 16434 | Lair:4   | Reached skill level 1 in Conjurations
 16468 | Lair:4   | Reached skill level 10 in Spellcasting
 16509 | Lair:4   | Reached skill level 10 in Dodging
 16515 | Lair:4   | Offered knowledge of Inner Flame by Vehumet.
 16813 | Lair:4   | Noticed Rupert
 16915 | Lair:4   | Found a hole to the Spider Nest.
 16969 | Lair:4   | Learned a level 4 spell: Airstrike
 17630 | Lair:4   | Found a staircase to the Swamp.
 17650 | Lair:4   | Paralysed by Rupert for 3 turns
 17657 | Lair:4   | Paralysed by Rupert for 7 turns
 17698 | Lair:4   | Killed Rupert
 17698 | Lair:4   | Reached XP level 13. HP: 19/94 MP: 10/27
 17718 | Lair:4   | Gained mutation: You do not regenerate when monsters are
                  | visible. [mutagenic glow]
 18001 | Lair:4   | Lost mutation: You do not regenerate when monsters are
                  | visible. [potion of mutation]
 18001 | Lair:4   | Gained mutation: You have a pair of small horns on your
                  | head. [potion of mutation]
 18001 | Lair:4   | Gained mutation: Your muscles are strong. (Str +2) [potion
                  | of mutation]
 19350 | Lair:5   | Found a staircase to the Slime Pits.
 19400 | Lair:5   | Reached ***** piety under Vehumet
 19738 | Lair:5   | Offered knowledge of Spellforged Servitor by Vehumet.
 20208 | Lair:6   | Entered Level 6 of the Lair of Beasts
 21511 | Lair:6   | Reached skill level 5 in Fighting
 21560 | Lair:6   | Noticed Josephine
 21570 | Lair:6   | Killed Josephine
 22515 | Lair:6   | Gained mutation: You have acidic saliva. [Yellow Draconian
                  | growth]
 22515 | Lair:6   | Reached XP level 14. HP: 107/107 MP: 21/28
 23270 | Lair:6   | Identified a scroll of acquirement
 23270 | Lair:6   | Acquired the Catalogue of the Birds
 23562 | D:10     | Reached skill level 5 in Air Magic
 23563 | D:10     | Reached skill level 5 in Evocations
 23880 | D:10     | Offered knowledge of Fireball by Vehumet.
 24024 | D:10     | Found a staircase to the Orcish Mines.
 24255 | D:11     | Noticed Fannar
 24264 | D:10     | Learned a level 5 spell: Fireball
 24305 | Orc:1    | Entered Level 1 of the Orcish Mines
 24409 | Orc:1    | Reached skill level 5 in Conjurations
 24606 | Orc:1    | Noticed Nergalle
 24613 | Orc:1    | Killed Nergalle
 24774 | Orc:2    | Entered Level 2 of the Orcish Mines
 24782 | Orc:2    | Found a gate leading to a gauntlet.
 24835 | Gauntlet | Entered a Gauntlet
 24835 | Gauntlet | Found a transporter.
 24835 | Gauntlet | Found a transporter.
 24838 | Gauntlet | Found a transporter.
 24841 | Gauntlet | Found a transporter.
 24859 | Gauntlet | Found a transporter.
 24878 | Gauntlet | Found a transporter.
 24881 | Gauntlet | Found a transporter.
 24881 | Gauntlet | Found a transporter.
 24899 | Gauntlet | Found a transporter.
 24910 | Gauntlet | Found a transporter.
 24920 | Gauntlet | Found a transporter.
 24935 | Gauntlet | Found a transporter.
 24956 | Gauntlet | Found a transporter.
 24969 | Gauntlet | Found a transporter.
 25425 | Gauntlet | Identified Sif Muna's Volume of Supportive Displacement
 25798 | Gauntlet | Identified the cursed +0 tower shield "Wuept" {+Inv rPois
                  | rN++ MR-}
 26002 | Gauntlet | Found the +3 robe of Folly {Archmagi, MR-- Int+5}
 26005 | Gauntlet | Identified the Almanac of Captivating Stones
 26009 | Gauntlet | Got a brightly glowing trident
 26013 | Gauntlet | Identified Sif Muna's Collected Works on the Fetching
                  | Traveller
 26161 | Orc:2    | Found a staircase to the Elven Halls.
 26814 | Orc:2    | Found Purghy's Gadget Emporium.
 26814 | Orc:2    | Found Gyomil's General Store.
 26816 | Orc:2    | Found Jegiuv's Assorted Antiques.
 26816 | Orc:2    | Found Amohon's Weapon Boutique.
 26832 | Orc:2    | Bought a wand of acid (7) for 308 gold pieces
 26834 | Orc:2    | Bought a scroll of identify for 56 gold pieces
 26834 | Orc:2    | Bought a scroll labeled BAYSIN ACZOI for 28 gold pieces
 26834 | Orc:2    | Bought a scroll of teleportation for 84 gold pieces
 26834 | Orc:2    | Bought a crooked silver wand for 112 gold pieces
 26834 | Orc:2    | Bought a scroll of teleportation for 84 gold pieces
 27009 | Orc:2    | Found a bloodstained altar of Trog.
 27936 | D:11     | Killed Fannar
 28837 | D:12     | Offered knowledge of Ozocubu's Refrigeration by Vehumet.
 28838 | D:12     | Reached ****** piety under Vehumet
 28998 | D:12     | Found a shadowy altar of Dithmenos.
 29588 | Lair:1   | Identified the +2 trident "Bym Nyep" {flame, rC+ MR+} (You
                  | found it in a Gauntlet)
 29697 | Swamp:1  | Entered Level 1 of the Swamp
 30428 | Swamp:1  | Reached XP level 15. HP: 117/117 MP: 13/30
 30469 | Swamp:1  | Reached skill level 1 in Shields
 31242 | Swamp:1  | Reached skill level 1 in Fire Magic
 32831 | Swamp:2  | Noticed timneilson's ghost (adept DECj)
 32852 | Swamp:2  | Found a runed translucent gate.
 32852 | Swamp:2  | Found a runed translucent gate.
 32854 | Swamp:2  | Found a runed translucent gate.
 34936 | Swamp:2  | Offered knowledge of Iron Shot by Vehumet.
 34945 | Swamp:2  | Learned a level 6 spell: Iron Shot
 35178 | Swamp:3  | Paralysed by a hornet for 3 turns
 35897 | Swamp:3  | Found a runed translucent door.
 36120 | Swamp:3  | Reached skill level 1 in Earth Magic
 37329 | Swamp:3  | Paralysed by you for 5 turns
 37574 | Swamp:3  | Identified Advanced Sorcery
 38172 | Swamp:4  | Entered Level 4 of the Swamp
 38375 | Swamp:4  | Reached XP level 16. HP: 79/128 MP: 14/31
 39381 | Swamp:4  | Got a decaying rune of Zot
 39576 | Swamp:4  | Offered knowledge of Conjure Ball Lightning by Vehumet.
 39955 | Swamp:4  | Noticed YayAnonymity's ghost (adept GrFi)
 39956 | Swamp:4  | Found a transporter.
 39968 | Swamp:4  | Found a transporter.
 40434 | Spider:1 | Entered Level 1 of the Spider Nest
 41416 | Spider:1 | Reached skill level 5 in Fire Magic
 42777 | Spider:2 | Noticed Azrael
 42829 | Spider:2 | Killed Azrael
 43846 | Spider:2 | Offered knowledge of Starburst by Vehumet.
 45104 | Spider:3 | Reached XP level 17. HP: 85/138 MP: 3/32
 45697 | Spider:3 | Reached skill level 5 in Earth Magic
 46805 | Spider:4 | Entered Level 4 of the Spider Nest
 48981 | Spider:4 | Reached skill level 10 in Fighting
 48992 | Spider:4 | Offered knowledge of Ignition by Vehumet.
 51245 | Spider:4 | Got a gossamer rune of Zot
 51706 | Slime:1  | Entered Level 1 of the Pits of Slime
 51706 | Slime:1  | Noticed an acid blob
 52314 | D:13     | Noticed Erolcha
 52571 | D:13     | Noticed Sonja
 52573 | D:13     | Killed Sonja
 52752 | D:13     | Killed Erolcha
 53754 | D:13     | Found a gate to the Vaults.
 53757 | D:13     | Identified the +8 flail of Prudence {vorpal, MP+9} (You
                  | found it on level 13 of the Dungeon)
 54025 | D:14     | Found Uwigunown's Jewellery Shop.
 54857 | D:15     | Entered Level 15 of the Dungeon
 54976 | D:15     | Found a staircase to the Depths.
 54986 | D:15     | Reached XP level 18. HP: 141/149 MP: 24/33
 55009 | D:15     | Found Kas Etwi's Book Shoppe.
 55144 | D:15     | Learned a level 8 spell: Ignition
 56105 | Slime:1  | Gained mutation: You are frail. (-10% HP) [a shining eye]
 56262 | Lair:5   | Lost mutation: Your muscles are strong. (Str +2) [potion of
                  | mutation]
 56262 | Lair:5   | Lost mutation: You are frail. (-10% HP) [potion of
                  | mutation]
 56262 | Lair:5   | Gained mutation: You are clumsy. (Dex -2) [potion of
                  | mutation]
 56262 | Lair:5   | Gained mutation: Your spells are a little harder to cast,
                  | but a little more powerful. [potion of mutation]
 56263 | Lair:5   | Lost mutation: You are clumsy. (Dex -2) [potion of
                  | mutation]
 56263 | Lair:5   | Lost mutation: Your spells are a little harder to cast, but
                  | a little more powerful. [potion of mutation]
 56263 | Lair:5   | Lost mutation: You have a pair of small horns on your head.
                  | [potion of mutation]
 56263 | Lair:5   | Gained mutation: [Scrolls take you a little longer to
                  | read.] [potion of mutation]
 56263 | Lair:5   | Gained mutation: You have large cloven feet. [potion of
                  | mutation]
 56263 | Lair:5   | Gained mutation: Your system is resistant to poisons.
                  | (rPois) [potion of mutation]
 56263 | Lair:5   | Gained mutation: You are robust. (+10% HP) [potion of
                  | mutation]
 56264 | Lair:5   | Lost mutation: You have large cloven feet. [potion of
                  | mutation]
 56264 | Lair:5   | Lost mutation: [Scrolls take you a little longer to read.]
                  | [potion of mutation]
 56264 | Lair:5   | Lost mutation: Your system is resistant to poisons. (rPois)
                  | [potion of mutation]
 56264 | Lair:5   | Gained mutation: Your system is resistant to poisons.
                  | (rPois) [potion of mutation]
 56264 | Lair:5   | Lost mutation: You are robust. (+10% HP) [potion of
                  | mutation]
 56264 | Lair:5   | Gained mutation: Your flesh is heat resistant. (rF+)
                  | [potion of mutation]
 57284 | Slime:2  | Reached skill level 10 in Conjurations
 57503 | Slime:2  | Offered knowledge of Lehudib's Crystal Spear by Vehumet.
 57503 | Slime:2  | Offered knowledge of Fire Storm by Vehumet.
 57503 | Slime:2  | Offered knowledge of Absolute Zero by Vehumet.
 58534 | Slime:4  | Gained mutation: You are weak. (Str -2) [a shining eye]
 58537 | Slime:4  | Paralysed by a floating eye for 2 turns
 59553 | Slime:5  | Entered Level 5 of the Pits of Slime
 59900 | Slime:5  | Gained mutation: Your body sometimes deteriorates upon
                  | taking damage. [a shining eye]
 61295 | Slime:2  | Gained mutation: Your body often deteriorates upon taking
                  | damage. [a shining eye]
 61296 | Slime:2  | Gained mutation: [You occasionally shout uncontrollably at
                  | your foes.] [a shining eye]
 61305 | Slime:2  | Gained mutation: [You tend to lose your temper in combat.]
                  | [a shining eye]
 61647 | D:7      | Bought a potion of curing for 30 gold pieces
 61647 | D:7      | Bought a potion of brilliance for 40 gold pieces
 61647 | D:7      | Bought a potion of brilliance for 40 gold pieces
 61647 | D:7      | Bought a potion of curing for 30 gold pieces
 61647 | D:7      | Bought a potion of mutation for 80 gold pieces
 61647 | D:7      | Bought 2 potions of brilliance for 80 gold pieces
 61647 | D:7      | Bought a potion of brilliance for 40 gold pieces
 61647 | D:7      | Lost mutation: [You occasionally shout uncontrollably at
                  | your foes.] [potion of mutation]
 61647 | D:7      | Lost mutation: [You tend to lose your temper in combat.]
                  | [potion of mutation]
 61647 | D:7      | Gained mutation: You are robust. (+10% HP) [potion of
                  | mutation]
 61647 | D:7      | Gained mutation: You can translocate small distances at
                  | will. [potion of mutation]
 61860 | Depths:1 | Entered Level 1 of the Depths
 62851 | Depths:1 | Reached XP level 19. HP: 171/171 MP: 10/36
 63729 | Depths:1 | Found a one-way gate to the infinite horrors of the Abyss.
 63729 | Depths:1 | Noticed Louise
 63735 | Depths:1 | Killed Louise
 63735 | Depths:1 | Reached skill level 15 in Ice Magic
 63899 | Depths:1 | Found a gateway to Hell.
 64570 | Depths:1 | Noticed the Enchantress
 64573 | Depths:1 | Killed the Enchantress
 65203 | Depths:2 | Found Lapik's Distillery.
 65223 | Depths:2 | Bought a potion of curing for 39 gold pieces
 65223 | Depths:2 | Bought a potion of curing for 39 gold pieces
 65661 | Depths:2 | Reached skill level 15 in Spellcasting
 65906 | Depths:2 | Found Ogatsyoz's Gadget Boutique.
 65907 | Depths:2 | Noticed a lich
 65911 | Depths:2 | Killed a lich
 65919 | Depths:2 | Bought a wand of clouds (2) for 198 gold pieces
 66990 | Depths:2 | Identified the ring "Feebeidd" {rPois Str+8 Dex-3 Stlth+}
                  | (You found it on level 2 of the Depths)
 67416 | Vaults:1 | Entered Level 1 of the Vaults
 67423 | Vaults:1 | Paralysed by an ogre mage for 3 turns
 68611 | Vaults:1 | Reached XP level 20. HP: 176/179 MP: 33/39
 68627 | Vaults:1 | Learned a level 9 spell: Absolute Zero
 68702 | Vaults:1 | Noticed Asterion
 68702 | Vaults:1 | Noticed Aizul
 68713 | Vaults:1 | Killed Aizul
 70344 | Depths:2 | Found a transporter.
 70351 | Depths:2 | Found a transporter.
 71071 | Depths:2 | Identified the +3 ring mail of Misanthropy {rPois rCorr
                  | Dex+4}
 71071 | Depths:2 | Identified a ring of the Octopus King {rN+ AC+1 EV+1 Str+1
                  | Int+1 Dex+1}
 71715 | Depths:2 | Got an encrusted executioner's axe
 71990 | Depths:2 | Noticed a juggernaut
 72568 | D:5      | Killed Prince Ribbit
 73290 | Elf:1    | Entered Level 1 of the Elven Halls
 73400 | Elf:1    | Found a huge runed gate.
 73400 | Elf:1    | Found a huge runed gate.
 73404 | Elf:1    | Found a huge runed gate.
 73405 | Elf:1    | Found a huge runed gate.
 73405 | Elf:1    | Found a huge runed gate.
 73405 | Elf:1    | Found a huge runed gate.
 73479 | Elf:1    | Found a huge runed gate.
 73479 | Elf:1    | Found a huge runed gate.
 73479 | Elf:1    | Found a huge runed gate.
 73479 | Elf:1    | Found a huge runed gate.
 73479 | Elf:1    | Found a huge runed gate.
 73479 | Elf:1    | Found a huge runed gate.
 73479 | Elf:1    | Found a huge runed gate.
 73714 | Elf:1    | Found a huge runed gate.
 73714 | Elf:1    | Found a huge runed gate.
 73714 | Elf:1    | Found a huge runed gate.
 73714 | Elf:1    | Found a huge runed gate.
 73722 | Elf:1    | Found a huge runed gate.
 73723 | Elf:1    | Found a huge runed gate.
 73725 | Elf:1    | Found a huge runed gate.
 73725 | Elf:1    | Found a huge runed gate.
 73726 | Elf:1    | Found a huge runed gate.
 73731 | Elf:1    | Identified Roxanne's Incunabulum of the Mountains
 73731 | Elf:1    | Noticed Roxanne
 73840 | Elf:1    | Killed Roxanne
 73928 | Elf:1    | Found a runed translucent gate.
 73928 | Elf:1    | Found a runed translucent gate.
 73942 | Elf:1    | Found an opulent altar of Gozag.
 73942 | Elf:1    | Found a runed translucent gate.
 73957 | Elf:1    | Found a huge runed gate.
 73958 | Elf:1    | Found a huge runed gate.
 73958 | Elf:1    | Found a huge runed gate.
 73959 | Elf:1    | Found a huge runed gate.
 73959 | Elf:1    | Found a huge runed gate.
 73961 | Elf:1    | Found a huge runed gate.
 73962 | Elf:1    | Found a huge runed gate.
 74590 | Elf:1    | Found Sagesup's Assorted Antiques.
 74591 | Elf:1    | Noticed dcgrp's ghost (adept DsIE)
 74594 | Elf:1    | Upgraded the game from 0.26-a0-471-g8fb39a4 to
                  | 0.26-a0-476-g6dfca0d
 75047 | Elf:1    | Killed dcgrp's ghost
 75382 | Elf:1    | Bought a potion of mutation for 320 gold pieces
 75382 | Elf:1    | Bought a pair of pitted boots for 380 gold pieces
 75382 | Elf:1    | Bought a scroll of blinking for 300 gold pieces
 75382 | Elf:1    | Bought a potion of resistance for 400 gold pieces
 75382 | Elf:1    | Bought a scroll of fear for 140 gold pieces
 75392 | Elf:1    | Identified the +1 pair of boots of Xom's Generosity {+Blink
                  | rC- rN++ Str+4} (You bought it in a shop on level 1 of the
                  | Elven Halls)
 75435 | Elf:1    | Identified the amulet of Temptation {Reflect rC+ SH+5}
 76229 | D:14     | Bought a +6 ring of intelligence for 760 gold pieces
 76620 | Elf:2    | Found Faeny's Magic Scroll Shoppe.
 76713 | Elf:2    | Bought a scroll of enchant weapon for 105 gold pieces
 76713 | Elf:2    | Bought a scroll of blinking for 105 gold pieces
 76713 | Elf:2    | Bought a scroll of teleportation for 42 gold pieces
 76713 | Elf:2    | Bought a scroll of enchant weapon for 105 gold pieces
 76713 | Elf:2    | Bought a scroll of blinking for 105 gold pieces
 76720 | Elf:2    | Lost mutation: Your body often deteriorates upon taking
                  | damage. [potion of mutation]
 76720 | Elf:2    | Lost mutation: You can translocate small distances at will.
                  | [potion of mutation]
 76720 | Elf:2    | Gained mutation: Your magical capacity is low. (-10% MP)
                  | [potion of mutation]
 76720 | Elf:2    | Gained mutation: Your large and strong wings let you fly
                  | indefinitely. [potion of mutation]
 76842 | Elf:2    | Reached XP level 21. HP: 182/187 MP: 38/38
 77013 | Elf:2    | Found a huge runed translucent gate.
 77014 | Elf:2    | Found a huge runed translucent gate.
 77016 | Elf:2    | Found a huge runed translucent gate.
 77017 | Elf:2    | Found a huge runed translucent gate.
 77018 | Elf:2    | Found a huge runed translucent gate.
 77036 | Elf:2    | Gained mutation: Potions are less effective at restoring
                  | your health. [mutagenic glow]
 77470 | Elf:2    | Noticed Jorgrun
 78626 | Elf:2    | Killed Jorgrun
 79093 | Elf:3    | Entered Level 3 of the Elven Halls
 79579 | Elf:3    | Found Cluxt's Commerce Corner.
 79639 | Elf:3    | Bought a wand of clouds (5) for 486 gold pieces
 79639 | Elf:3    | Bought a potion of curing for 54 gold pieces
 80176 | Elf:3    | Identified the +9 executioner's axe of Bojinnos {venom,
                  | Str+5 Stlth+} (You found it on level 2 of the Depths)
 80915 | Elf:3    | Identified the cursed +1 flail of Nenecux {vorpal, rElec
                  | rF- rN+++ Int+4}
 81482 | Elf:3    | Reached skill level 10 in Fire Magic
 82098 | Elf:3    | Identified the amulet of Kirghuiwu {Acrobat Dex+3}
 82135 | Elf:3    | Identified the +6 war axe of Integrity {drain, rN+ Int+6}
 82495 | Elf:3    | Identified the Tome of the Rocks
 82500 | Elf:3    | Identified the Volume of Dark Cold
 82632 | Elf:3    | Identified the Grimoire of Bile
 82635 | Elf:3    | Identified the Collected Works on Combat Magic and Shape
                  | Shifting
 82674 | Elf:3    | Identified a +2 pair of boots of running (You found it on
                  | level 3 of the Elven Halls)
 83494 | Slime:5  | Found a viscous altar of Jiyva.
 83494 | Slime:5  | Noticed the Royal Jelly
 83501 | Slime:5  | Killed the Royal Jelly
 85182 | Slime:5  | Got a coiled turquoise ring
 85196 | Slime:5  | Identified the Compendium of Creative Feathers
 85199 | Slime:5  | Got a slimy rune of Zot
 85254 | Slime:5  | Identified Sif Muna's Almanac of Virous Stones
 85264 | Slime:5  | Identified the ring of Liberty {rElec rPois Str+3} (You
                  | found it on level 5 of the Pits of Slime)
 85279 | Slime:5  | Identified the cursed -5 buckler of Ru's Brutal Revenge
                  | {Dex+4 Slay+3} (You found it on level 5 of the Pits of
                  | Slime)
 85296 | Slime:5  | Acquired the +3 hat "Sint" {rC+ Str+3 SInv}
 85363 | Slime:2  | Gained mutation: You are dopey. (Int -2) [a shining eye]
 85432 | Slime:2  | Reached XP level 22. HP: 173/194 MP: 6/40
 86160 | D:5      | Killed Thatotherguy's ghost
 86340 | Lair:1   | Killed Eker's ghost
 86678 | Swamp:2  | Killed timneilson's ghost
 87101 | Swamp:4  | Killed YayAnonymity's ghost
 87205 | Swamp:4  | Got a scintillating lapis lazuli ring
 87207 | Swamp:4  | Got a pitted glass ring
 87209 | Swamp:4  | Got a pitted short sword
 87327 | Swamp:4  | Identified the +1 short sword of Contention {flame, +Rage
                  | +Fly MP-9} (You found it on level 4 of the Swamp)
 87529 | Lair:1   | Identified the ring "Kaighirea" {rF+ Str+6} (You found it
                  | on level 4 of the Swamp)
 87531 | Lair:1   | Identified the ring of Tymeuh {rPois rC+ Str-4 Stlth-} (You
                  | found it on level 4 of the Swamp)
 87800 | Vaults:1 | Reached skill level 10 in Evocations
 87837 | Vaults:1 | Killed Asterion
 88444 | Vaults:2 | Found a shadowy altar of Dithmenos.
 89746 | Vaults:2 | Noticed Mara
 89747 | Vaults:2 | Noticed Shayle's illusion
 89748 | Vaults:2 | Killed Mara
 92501 | Vaults:3 | Found Fep Boaz's Antique Weapon Boutique.
 92730 | Vaults:3 | Found a staircase to the Crypt.
 94839 | Vaults:4 | Reached XP level 23. HP: 86/201 MP: 14/41
 95982 | Vaults:5 | Entered Level 5 of the Vaults
 95982 | Vaults:5 | Noticed Frederick
 95987 | Vaults:5 | Noticed Boris
 95989 | Vaults:5 | Killed Frederick
 96063 | Vaults:5 | Identified the amulet of Acefiasano {rF+ Regen+}
 96119 | Vaults:5 | Identified the ring "Cauruonk" {rF+ Str-3 Dex+2 Stlth+}
 96128 | Vaults:5 | Identified the +6 trident "Qietaca" {freeze, MR+ Dex+4}
 96298 | Vaults:5 | Noticed an ancient lich
 96301 | Vaults:5 | Killed an ancient lich
 96619 | Vaults:5 | Cast into level 2 of the Abyss (a deep elf sorcerer)
 96912 | Abyss:2  | Found a shattered altar of Ashenzari.
 97429 | Abyss:2  | Found a corrupted altar of Lugonu.
 97951 | Vaults:5 | Escaped the Abyss
 98414 | Vaults:5 | Identified the +6 arbalest "Banisher" {vorpal, *Drain MR+
                  | Str-5 Int+8 Dex+4}
 98763 | Vaults:4 | Upgraded the game from 0.26-a0-476-g6dfca0d to
                  | 0.26-a0-477-g38aef04
 99043 | Vaults:5 | Reached XP level 24. HP: 202/210 MP: 30/42
 99303 | Vaults:4 | Killed Boris
100540 | Vaults:5 | Identified the cursed +1 fustibalus of Dakaq {venom, Str+3}
100571 | Vaults:5 | Noticed Jory
100608 | Vaults:5 | Got a silver rune of Zot
101770 | Vaults:5 | Identified the +6 spear of Cotag {flame, rC+}
101780 | Vaults:5 | Killed Jory
103638 | Depths:2 | Killed a juggernaut
103682 | Depths:2 | Identified the ring of Polytheism {*Tele Int+2 Slay+5}
103997 | Depths:3 | Reached skill level 15 in Fire Magic
104170 | Depths:3 | Identified the cursed +1 trident of Circular Logic {venom,
                  | rC++ Stlth+} (You found it on level 3 of the Depths)
104685 | Depths:3 | Found a gateway to a ziggurat.
105224 | Depths:3 | You are sucked into a shaft and drop 1 floor!
105814 | Depths:3 | Reached XP level 25. HP: 195/217 MP: 12/43
106012 | Depths:3 | Found a one-way gate leading to the halls of Pandemonium.
106872 | Depths:3 | Noticed an ancient lich
106878 | Depths:3 | Killed an ancient lich
106951 | Depths:3 | Identified the cursed +0 battleaxe of Beogh {vorpal, rElec
                  | rC+ MR+ Stlth-} (You found it on level 3 of the Depths)
107105 | Depths:3 | Reached skill level 15 in Evocations
107262 | Depths:4 | Identified the +9 spear "Esenahies" {vorpal, rN+ MR+ Dex+2}
                  | (You found it on level 4 of the Depths)
107988 | Depths:4 | Found Qidi's Magic Scroll Shoppe.
107999 | Depths:4 | Paralysed by a sphinx for 3 turns
108016 | Depths:4 | Bought a scroll of teleportation for 33 gold pieces
108679 | Depths:5 | Entered Level 5 of the Depths
110187 | Depths:5 | Found a gate to the Realm of Zot.
111391 | Depths:4 | Voluntarily entered the Abyss.
111397 | Abyss:1  | Found a corrupted altar of Lugonu.
111420 | Abyss:1  | Paralysed by accursed screaming for 1 turns
112695 | Abyss:3  | Paralysed by accursed screaming for 1 turns
112704 | Abyss:3  | Paralysed by accursed screaming for 1 turns
113061 | Abyss:3  | Reached XP level 26. HP: 176/225 MP: 7/43
114400 | Abyss:3  | Found a burning altar of Makhleb.
114546 | Abyss:3  | Identified the +3 tower shield of Bywogarchiu {*Drain rF+
                  | Int+4}
114569 | Abyss:3  | HP: 6/205 [daeva/+4 eudemon blade of holy wrath (13)]
114573 | Abyss:3  | HP: 2/225 [daeva/divine providence (15)]
114575 | Abyss:3  | Mangled by a daeva

Illustrated notes

Levels and vault maps discovered:
D:1:      ldierk_walled_garden, layout_basic, kennysheep_decorative_pillar,
          minmay_misc_feat_five, hangedman_glass_teeth
D:2:      minmay_inner_zag, layout_rooms, corexii_leaking_fountain, uniq_sigmund
D:3:      layout_basic, lemuel_round_altar, portal_sewer_entry_e,
          patterned_corridor
D:4:      layout_layer_cave, minmay_misc_feat_iff, kennysheep_slug_shrine,
          uniq_purgy
D:5:      layout_layer_cave, nicolae_overflow_quartered_altars,
          overflow_temple_1_default, serial_shops, shop, basic_altar,
          ebering_ghost_gozag, uniq_prince_ribbit1, uniq_pikel, uniq_menkaure
D:6:      layout_cave_pools, enter_ossuary_1, uniq_grinder
D:7:      layout_rooms, marbit_many_paths, minmay_temple_entry_mist,
          serial_shops, shop_statue, shop_fountains, uniq_duvessa, uniq_joseph
D:8:      minmay_polygon_palace, layout_basic, serial_shops,
          nicolae_shop_competitors_out_of_business
D:9:      layout_cave_pools, nicolae_overflow_crystal_walls,
          grunt_temple_overflow_open, st_stairs_2, uniq_harold
D:10:     layout_basic, dpeg_lair_monsters, erik_orc_1
D:11:     layout_cave_pools, chequers_avenue, uniq_fannar
D:12:     layout_loops_ring, basic_altar
D:13:     layout_long_grid, david_vaults_2, minmay_crystal_water,
          minmay_alternating_orb, uniq_erolcha, uniq_sonja
D:14:     layout_long_grid, kennysheep_big_empty_room, serial_shops,
          nicolae_shop_behind_doors
D:15:     hangedman_depths_entry_civil_slaughter, layout_basic, serial_shops,
          shop_coins, dk_noncrumbling_4
Temple:   hc_temple_tempest_star
Lair:1:   layout_chaotic_city, maelrawn_ghost_gauntlet_escape,
          dpeg_stationary_puzzle
Lair:2:   layout_loops_ring, st_stairs_11, serial_bayou_shore_a
Lair:3:   layout_hall_layers, hangedman_lair_unloving_vines, grunt_megastairs_5,
          infiniplex_staircase_pool_2, lemuel_fruit_tree
Lair:4:   layout_misc_corridors, minmay_swamp_entry_worms,
          spider_nest_entry_funnel_web, wad_woods_01, uniq_rupert
Lair:5:   layout_gridlike, nicolae_slime_entry_slimehenge,
          grunt_forest_small_clearings, cheibrodos_lair_reptile_den,
          infiniplex_staircase_pool, lemuel_fruit_fields, grunt_megastairs_3
Lair:6:   minmay_lair_end_enchanted_forest, layout_concentric_octagons,
          hibernation_bobbens, grunt_megastairs_2, uniq_josephine
Swamp:1:  layout_falls_marsh, evilmike_swamp_ruin_house_2, swamp_pool5,
          nicolae_swamp_baby_hydras
Swamp:2:  layout_falls_marsh, portal_ice_cave_entry_ice_statue_two,
          gammafunk_ghost_split, nicolae_swamp_feature_on_the_river_bank
Swamp:3:  gammafunk_mikee_crab_dinner, layout_basic_swamp,
          evilmike_swamp_ruin_house_6
Swamp:4:  swamp_alternative, layout_basic_swamp, gammafunk_ghost_arena,
          swamp_pool4
Spider:1: layout_spider_delve
Spider:2: layout_chambers, drop_trap, uniq_azrael
Spider:3: layout_spider_delve, drop_trap
Spider:4: grunt_spider_rune_circles, hive_lemuel
Slime:1:  layout_caves
Slime:2:  layout_caves, cheibrodos_slime_lost_civilization_5
Slime:3:  layout_caves
Slime:4:  layout_caves
Slime:5
Orc:1:    layout_diamond_mine, uniq_nergalle
Orc:2:    grunt_orc_tribal_feast, layout_diamond_mine, gauntlet_entry_generic,
          bloody_trog
Elf:1:    elf_arrival_002, layout_rooms, ebering_ghost_gozag, minivault_28,
          door_vault, uniq_roxanne
Elf:2:    layout_geoelf_diagonals, serial_shops, nicolae_shop_stone,
          uniq_jorgrun
Elf:3:    minmay_elf_hall_furrowed, layout_loops_corners, grunt_ministairs_7,
          nicolae_alphabet_shops
Vaults:1: nicolae_vaults_c_with_doors, dpeg_vaults_monster_box,
          nicolae_vaults_little_squares_6, grunt_vaults_hallway_short,
          v_misc_11, hangedman_vaults_pinch, vaults_room_pool,
          nicolae_vaults_network_barrier, v_misc_11, v_misc_15,
          ontoclasm_vaults_twist, grunt_vaults_focal,
          nicolae_vaults_diagonal_hallway_8, layout_vaults_maze, uniq_asterion,
          uniq_aizul
Vaults:2: v_misc_29, hangedman_vaults_restitches, v_misc_19, v_misc_1,
          ontoclasm_vaults_ligature, nicolae_vaults_mini_display_case,
          ontoclasm_vaults_gateway, v_misc_14, vaults_dpeg_ring,
          ontoclasm_vaults_pinch, v_misc_19, ontoclasm_vaults_ring_small,
          vaults_room_grid, layout_vaults_ring, basic_altar, uniq_mara
Vaults:3: nicolae_vaults_back_hallway, v_misc_1,
          minmay_crypt_entry_simple_walls, grunt_vaults_swirl,
          nicolae_vaults_little_squares_6, nicolae_vaults_little_squares_4,
          layout_vaults_quadrants, serial_shops, nicolae_shop_trees,
          uniq_margery
Vaults:4: hangedman_vaults_impose, ontoclasm_vaults_decontamination,
          ontoclasm_vaults_spin, vaults_room_octagon, ontoclasm_vaults_eye,
          hangedman_vaults_slice, hangedman_vaults_unwind,
          ontoclasm_vaults_ring_square, nicolae_vaults_big_angled_halls,
          v_misc_27, grunt_vaults_funnel, layout_vaults_big_cross
Vaults:5: serial_shops, uniq_jory, uniq_boris, uniq_frederick
Depths:1: layout_cave_pools, lightli_too_deep,
          nicolae_abyss_entry_one_way_or_another, minmay_misc_feat_roman,
          chequers_serial_rivers_small_3, columned_hall_lemuel,
          minmay_librarian, uniq_enchantress
Depths:2: hangedman_spin_cycle, hell_entry, abyss_entry
Depths:3: cheibrodos_cascadia, layout_cave_shapes, enter_ziggurat_c, pan_entry,
          minmay_misc_feat_more_columns, grunt_hell_entry_dis_mu,
          hangedman_abyss_or_decor_lesser_grid, minmay_misc_feat_secret_circle,
          minmay_staircase_bubble
Depths:4: grunt_twist_and_shout, layout_gridlike, abyss_entry, serial_shops,
          shop_coins, hell_entry
Depths:5: grunt_zot_entry_tricorne, layout_gridlike, hell_entry,
          grunt_megastairs_1
Abyss:3:  base: Crypt:3, nicolae_abyss_rune_left_handed, minivault_20,
          nicolae_abyss_rune_left_handed,
          evilmike_nicolae_abyss_rune_betentacled_crabyss, minivault_20,
          hangedman_abyss_stitches_cave, evilmike_abyss_exit_kraken,
          evilmike_nicolae_abyss_rune_betentacled_crabyss,
          evilmike_nicolae_abyss_rune_betentacled_crabyss, base: Depths:4,
          due_evilmike_abyss_rune_seething_liches, evilmike_abyss_exit_chaos,
          hangedman_abyss_sting, hangedman_abyss_rune_flesh_and_stone,
          hangedman_abyss_theft, guppyfry_abyss_exit_spiral_guarded,
          evilmike_nicolae_abyss_rune_containment_curve, bh_abyss_exit_choice,
          due_evilmike_abyss_rune_seething_liches, bh_abyss_exit_choice,
          onia_ninara_dug_in_and_dangerous

Skill      XL: |  1  2  3  4  5  6  7  8  9 10 11 12 13 14 15 16 17 18 19 20 21 22 23 24 25 26 |
---------------+-------------------------------------------------------------------------------+-----
Dodging        | 2 3 4 5 6 8 9 10 11 12 13 | 13.0
Polearms       | 2 3 4 5 6 8 9 10 11 12 13 14 | 14.0
Spellcasting   | 3 4 5 6 8 9 10 11 13 15 18 19 20 21 | 21.8
Ice Magic      | 5 6 7 8 9 10 11 12 13 14 16 17 18 19 20 21 | 21.9
Fighting       | 3 5 6 8 9 10 | 10.8
Evocations     | 2 4 6 7 8 9 11 13 14 16 | 16.4
Air Magic      | 2 4 6 7 |  7.0
Conjurations   | 2 4 6 7 8 9 10 | 10.0
Shields        | 3 4 |  4.0
Fire Magic     | 3 5 7 8 10 12 14 15 16 17 | 17.1
Earth Magic    | 2 4 6 7 |  7.0
Stealth        | |  1.7

Action                   |  1- 3 |  4- 6 |  7- 9 | 10-12 | 13-15 | 16-18 | 19-21 | 22-24 | 25-27 || total
-------------------------+-------+-------+-------+-------+-------+-------+-------+-------+-------++-------
Melee: Dagger            |    93 |    86 |       |       |   237 |       |       |       |       ||   416
       Tailslap          |    10 |    12 |    36 |    53 |   105 |   122 |    56 |    59 |    93 ||   546
       Glaive            |       |    66 |   385 |   392 |       |       |       |       |       ||   843
       Scythe            |       |    26 |       |   297 |   151 |       |       |       |       ||   474
       Headbutt          |       |       |       |       |   114 |   125 |       |       |       ||   239
       Bite              |       |       |       |       |    54 |    88 |    32 |    47 |    71 ||   292
       Trident           |       |       |       |       |   400 |   952 |   294 |       |    39 ||  1685
       Flail             |       |       |       |       |       |       |   107 |   152 |    36 ||   295
       Quick blade       |       |       |       |       |       |       |    35 |   110 |    15 ||   160
       Staff             |       |       |       |       |       |       |       |   118 |   127 ||   245
       Spear             |       |       |       |       |       |       |       |       |   305 ||   305
 Cast: Freeze            |    36 |    33 |       |     2 |     1 |     4 |     2 |     3 |     1 ||    82
       Frozen Ramparts   |       |     3 |       |    36 |    58 |    64 |    58 |    24 |     9 ||   252
       Airstrike         |       |       |       |     4 |   338 |   267 |   291 |   266 |    74 ||  1240
       Hailstorm         |       |       |       |     3 |     5 |       |     3 |     2 |       ||    13
       Freezing Cloud    |       |       |       |       |   130 |   188 |   189 |    92 |    58 ||   657
       Dazzling Flash    |       |       |       |       |     4 |     6 |       |     1 |       ||    11
       Fireball          |       |       |       |       |    20 |    20 |    15 |    15 |    16 ||    86
       Iron Shot         |       |       |       |       |       |   165 |   194 |   219 |   143 ||   721
       Absolute Zero     |       |       |       |       |       |       |    15 |    39 |    26 ||    80
       Ignition          |       |       |       |       |       |       |     6 |    76 |    24 ||   106
 Abil: Breathe Acid      |       |       |     8 |     9 |     4 |     7 |     3 |     9 |     4 ||    44
       Blink             |       |       |       |       |       |       |     1 |       |       ||     1
       Fly               |       |       |       |       |       |       |     1 |       |       ||     1
Evoke: Wand              |       |       |     8 |    20 |    23 |    15 |    30 |    39 |    19 ||   154
       Tin of tremorston |       |       |       |       |       |       |     2 |     2 |     1 ||     5
       Staff of energy   |       |       |       |       |       |       |     3 |    12 |     1 ||    16
       Box of beasts     |       |       |       |       |       |       |       |     1 |       ||     1
  Use: Scroll            |     1 |       |     4 |    27 |    13 |    17 |    34 |    21 |     7 ||   124
       Potion            |       |     3 |     3 |     5 |     9 |     8 |    17 |    24 |    14 ||    83
 Stab: Sleeping          |     4 |     2 |     3 |     3 |     3 |     2 |     2 |       |       ||    19
       Paralysed         |       |       |       |       |     9 |    16 |       |       |     4 ||    29
       Invisible         |       |       |       |       |       |     4 |       |       |       ||     4
Armor: Skin              |    47 |    63 |    83 |   191 |   252 |   452 |   232 |   219 |   169 ||  1708
Dodge: Dodged            |    95 |   113 |   264 |   610 |   658 |   836 |   406 |   567 |   425 ||  3974
Block: Other             |       |       |       |    85 |   105 |       |       |       |       ||   190
       Reflection        |       |       |       |     2 |    10 |    15 |    35 |    47 |    16 ||   125
       Buckler           |       |       |       |       |   180 |   762 |   394 |   481 |   368 ||  2185

Table legend: (Time is in decaauts)
 A = Elapsed time spent in this place.
 B = Non-inter-level travel time spent in this place.
 C = Inter-level travel time spent in this place.
 D = Time resting spent in this place.
 E = Time spent auto-exploring this place.
 F = Levels seen in this place.
 G = Mean time per level.
                   A        B        C        D        E       F      G
               +--------+--------+--------+--------+--------+-----+--------+
         Total | 113477 | 104560 |   8917 |  53730 |  27615 |  56 | 2026.4 |
       Dungeon |  19973 |  16278 |   3695 |   4500 |   7652 |  15 | 1331.5 |
        Temple |    229 |    202 |     27 |      0 |    196 |   1 |  229.0 |
          Lair |  15980 |  14233 |   1747 |   6974 |   4571 |   6 | 2663.3 |
         Swamp |  11650 |  10652 |    998 |   5837 |   2710 |   4 | 2912.5 |
   Spider Nest |  10771 |  10508 |    263 |   6165 |   2603 |   4 | 2692.8 |
    Slime Pits |   7152 |   6918 |    234 |   4608 |    718 |   5 | 1430.4 |
  Orcish Mines |   2389 |   1956 |    433 |    835 |    533 |   2 | 1194.5 |
   Elven Halls |   8967 |   8466 |    501 |   4384 |   2156 |   3 | 2989.0 |
        Vaults |  16072 |  15408 |    664 |   8737 |   3778 |   5 | 3214.4 |
        Depths |  14470 |  14118 |    352 |   8682 |   2598 |   5 | 2894.0 |
         Abyss |   4176 |   4176 |      0 |   2206 |     33 |   4 | 1044.0 |
       Ossuary |    448 |    448 |      0 |    105 |     62 |   1 |  448.0 |
      Gauntlet |   1194 |   1194 |      0 |    695 |      0 |   1 | 1194.0 |
               +--------+--------+--------+--------+--------+-----+--------+

Top non-repeatable levels by time:
Vaults:4: 4805 daAuts
Depths:2: 3783 daAuts
Spider:4: 3750 daAuts
Depths:1: 3529 daAuts
Vaults:1: 3415 daAuts
  Lair:4: 3383 daAuts
   Elf:3: 3363 daAuts
Vaults:5: 3346 daAuts
 Swamp:2: 3322 daAuts
  Lair:5: 3173 daAuts
    D:10: 3124 daAuts
 Swamp:3: 3115 daAuts
 Swamp:1: 3021 daAuts
Depths:3: 3011 daAuts
   Elf:2: 2901 daAuts
